 Dungeon Crawl Stone Soup version 0.14-a0-1499-g388a102 (webtiles) character file.

169 HollowCharge the Slasher (level 3, -1/26 HPs)
             Began as a High Elf Skald on Dec 15, 2013.
             Slain by a worm (2 damage)
             ... on Level 2 of the Dungeon.
             The game lasted 00:09:52 (2602 turns).

HollowCharge the Slasher (High Elf Skald)           Turns: 2602, Time: 00:09:53

HP  -1/26        AC  3     Str 12      XL: 3   Next: 87%
MP   2/8         EV 10     Int 16      God:
Gold 106         SH  0     Dex 14      Spells:  3 memorised,  1 level left

rFire  . . .     SeeInvis .     a - +0 elf falchion
rCold  . . .     Clarity  .     b - +0 elf leather armour
rNeg   . . .     Conserve .     (no shield)
rPois  .         rCorr    .     (no helmet)
rElec  .         rRot     .     (no cloak)
SustAb . .       Spirit   .     (no gloves)
rMut   .         Warding  .     (no boots)
Saprov . . .     Stasis   .     (no amulet)
                                (no ring)
                                (no ring)

@: slightly resistant to hostile enchantments, unstealthy
A: no striking features
a: no special abilities


You were on level 2 of the Dungeon.
You were hungry.

You visited 1 branch of the dungeon, and saw 2 of its levels.

You collected 106 gold pieces.

Inventory:

Hand weapons
 a - a +0,+0 elven falchion (weapon)
Armour
 b - a +0 elven leather armour (worn)
 s - a +0 ring mail
Magical devices
 n - a wand of flame (7) {unknown}
Comestibles
 d - 2 bread rations
 f - a pear
 m - a cheese
Scrolls
 e - a scroll of curse armour {unknown}
 g - a scroll of enchant weapon II {unknown}
 h - 2 scrolls of blinking {unknown}
 i - a scroll of immolation {unknown}
 j - a scroll of remove curse {unknown}
 k - 2 scrolls of amnesia {unknown}
 o - 2 scrolls of fear {unknown}
 p - a scroll of magic mapping {unknown}
 r - a scroll of identify {unknown}
 t - a scroll of curse jewellery {unknown}
Jewellery
 l - an uncursed ring of teleport control
Potions
 q - a potion of restore abilities {unknown}
Books
 c - a book of Battle

   Spells                             Type                      Level
   *Infusion                          Charms                       1
   *Shroud of Golubria                Charms/Translocation         2
   *Song of Slaying                   Charms                       2
   Spectral Weapon                    Hexes/Charms                 3
   Regeneration                       Charms/Necromancy            3


   Skills:
 + Level 3.2 Fighting
 + Level 4.1 Long Blades
 - Level 0.8 Armour
 - Level 1.1 Dodging
 - Level 2.4 Spellcasting
 - Level 3.6 Charms


You had one spell level left.
You knew the following spells:

 Your Spells              Type           Power        Failure   Level  Hunger
a - Infusion              Chrm           ##....       6%          1    #......
b - Song of Slaying       Chrm           ##......     10%         2    ##.....
c - Shroud of Golubria    Chrm/Tloc      #.........   17%         2    ##.....


Dungeon Overview and Level Annotations

Branches:
Dungeon (2/16)

Altars:
Nemelex Xobeh


Message History

The worm is lightly wounded.
The worm bites you!
You hit the worm.
The worm is lightly wounded.
You hit the worm!
The worm is heavily wounded.
The worm bites you.
* * * LOW HITPOINT WARNING * * *
You hit the worm.
The worm is heavily wounded.
The worm bites you.
* * * LOW HITPOINT WARNING * * *
You remove your ring of teleport control.
The worm completely misses you.
You hit the worm.
The worm is severely wounded.
You hit the worm.
The worm is almost dead.
The worm bites you.
You die...

.....# #.....#
#.......# #.# .....#
#.....# #.##.#### #.#
.....# #.....# #.##.#
#.# .....#
#.....###.##.# #.#
.....#
#...........>######.#
.....#
#.....###.#....%....#
.....# ##.####
#.#..########
###'######.######w#..#
#.............@....#
##.......########..#
####.......#### #..#
...'..........#####..#
####.......##.#......#
'...[................#
##.#.#####..#.#.####.#
##.#.#......#.#.# #.#
##.#.##.#...#.#.# #.#


You could see a worm.

Vanquished Creatures
  2 adders
  2 giant geckos
  2 oozes (D:1)
  2 bats (D:2)
  5 goblins
  9 hobgoblins
  A quokka (D:2)
  5 giant newts
  6 kobolds
  4 rats
38 creatures vanquished.

Notes
Turn   | Place    | Note
--------------------------------------------------------------
     0 | D:1      | HollowCharge, the High Elf Skald, began the quest for the Orb.
     0 | D:1      | Reached XP level 1. HP: 14/14 MP: 4/4
   163 | D:1      | Reached XP level 2. HP: 10/20 MP: 0/6
   206 | D:1      | HP: 1/20 [poisoned by an adder]
   211 | D:1      | HP: 1/20 [poisoned by an adder]
   603 | D:1      | Found a sparkling altar of Nemelex Xobeh.
  1012 | D:1      | Reached XP level 3. HP: 18/25 MP: 2/8
  1450 | D:2      | Learned a level 2 spell: Song of Slaying
  1453 | D:2      | Learned a level 2 spell: Shroud of Golubria
  2208 | D:2      | Reached skill level 4 in Long Blades
  2598 | D:2      | HP: 1/26 [worm (4)]
  2602 | D:2      | Slain by a worm

Action                   || total
-------------------------++-------
Melee: Falchion          ||   133
 Cast: Infusion          ||    17
       Shroud of Golubri ||     1
